 Dungeon Crawl Stone Soup version 0.23.2 (webtiles) character file.

Game seed: 16969689689382481419

195 esteth the Magician (level 5, -7/37 HPs)
             Began as a Gnoll Wizard on Apr 4, 2019.
             Mangled by an orc warrior
             ... wielding a +0 dire flail
              (12 damage)
             ... on level 4 of the Dungeon.
             The game lasted 00:11:59 (3757 turns).

esteth the Magician (Gnoll Wizard)                  Turns: 3757, Time: 00:12:00

Health: -7/37      AC:  5    Str:  9    XL:     5   Next: 74%
Magic:  11/14      EV: 12    Int: 21    God:
Gold:   223        SH:  0    Dex: 14    Spells: 7/18 levels left

rFire    . . .     SeeInvis .   h - +0 whip
rCold    + . .     Gourm    .   (no shield)
rNeg     . . .     Faith    .   k - +0 ring mail
rPois    .         Spirit   .   b - +0 hat
rElec    .         Reflect  .   (no cloak)
rCorr    .         Harm     .   (no gloves)
MR       .....                  (no boots)
Stlth    ++........             (no amulet)
HPRegen  0.12/turn              j - ring of wizardry
MPRegen  0.14/turn              q - ring of protection from cold

@: about to teleport
A: distributed training, fangs 1, strong nose
a: no special abilities


You were on level 4 of the Dungeon.
You were not hungry.

You visited 2 branches of the dungeon, and saw 5 of its levels.

You collected 223 gold pieces.

Inventory:

Hand Weapons
 h - a +0 whip (weapon)
Armour
 a - a +0 robe
 b - a +0 hat (worn)
 k - a +0 ring mail (worn)
Jewellery
 j - a ring of wizardry (left hand)
 q - a ring of protection from cold (right hand)
Scrolls
 c - 4 scrolls of remove curse
 e - a scroll of teleportation
 f - 2 scrolls of amnesia {unknown}
 n - 2 scrolls of fog {unknown}
 p - a scroll of enchant weapon {unknown}
 r - 2 scrolls of identify {unknown}
 s - a scroll of noise {unknown}
 t - a scroll of fear {unknown}
Potions
 g - 2 potions of flight {unknown}
 i - a potion of degeneration {unknown}
 l - 2 potions of ambrosia {unknown}
 m - a potion of resistance {unknown}
 o - a potion of heal wounds {unknown}
Comestibles
 d - 5 rations


   Skills:
 + Level 1.6 Fighting
 + Level 1.6 Short Blades
 + Level 1.6 Long Blades
 + Level 1.6 Axes
 + Level 1.6 Maces & Flails
 + Level 1.6 Polearms
 + Level 1.6 Staves
 + Level 1.6 Slings
 + Level 1.6 Bows
 + Level 1.6 Crossbows
 + Level 1.6 Throwing
 + Level 1.6 Armour
 + Level 4.8 Dodging
 + Level 4.4 Stealth
 + Level 1.6 Shields
 + Level 1.6 Unarmed Combat
 + Level 7.3 Spellcasting
 + Level 2.4 Conjurations
 + Level 1.2 Hexes
 + Level 1.2 Charms
 + Level 2.4 Summonings
 + Level 1.2 Necromancy
 + Level 2.4 Translocations
 + Level 1.2 Transmutations
 + Level 1.2 Fire Magic
 + Level 1.2 Ice Magic
 + Level 1.2 Air Magic
 + Level 1.2 Earth Magic
 + Level 1.2 Poison Magic
 + Level 1.8 Invocations
 + Level 1.6 Evocations


You had 7 spell levels left.
You knew the following spells:

 Your Spells              Type           Power        Failure   Level  Hunger
a - Magic Dart            Conj           ###.         3%          1    None
b - Blink                 Tloc           N/A          5%          2    None
c - Call Imp              Summ           ###.....     5%          2    None
d - Conjure Flame         Conj/Fire      ###.....     13%         3    None
e - Mephitic Cloud        Conj/Pois/Air  ##......     14%         3    None

Your spell library contained the following spells:

 Spells                   Type           Power        Failure   Level  Hunger
 Slow                     Hex            ##......     9%          2    None


Dungeon Overview and Level Annotations

Branches:
Dungeon (4/15)             Temple (1/1) D:4

Altars:
Cheibriados
Hepliaklqana
Kikubaaqudgha
Makhleb
Nemelex Xobeh
Qazlal
Ru
Sif Muna
Vehumet
Wu Jian
Xom
Yredelemnul


Innate Abilities, Weirdness & Mutations

Your experience applies equally to all skills.
You have very sharp teeth.
Your uncanny sense of smell can sniff out nearby items.


Message History

There is a stone staircase leading up, spattered with blood here.
Casting: Blink (safe; 5% risk of failure)
Confirm with . or Enter, or press ? or * to list all spells.
Aiming: Mephitic Cloud (safe; 14% risk of failure)
Press: ? - help, Shift-Dir - straight line, f - orc warrior
Aim: an orc warrior, wielding a +0 dire flail and wearing a +0 plate armour That beam is likely to hit you.
Continue anyway?
The ball explodes into a vile cloud!
The stinking cloud engulfs the orc warrior but does no damage.
The stinking cloud engulfs you but does no damage.
The orc warrior is engulfed in noxious fumes.
The orc warrior hits you with a +0 dire flail!!
Ouch! That really hurt!
* * * LOW HITPOINT WARNING * * *
The orc warrior is engulfed in noxious fumes.
Okay, then.
As you read the scroll of teleportation, it crumbles to dust.
You feel strangely unstable.
The orc warrior hits you with a +0 dire flail!
You die...

......###............
##..................
####......[#...........
#........[<##.....5....
#........)##.§.........
#.....[...####.........
##.[.○☼○..####......#..
##..
#......###..........
#..##(..##.......(....
.... #...##......##....
#......#..#.......##...
###....#..........# ...
....#..#.......#
##.##.######


You could see an orc warrior.

Vanquished Creatures
  A worker ant (D:4)
  4 gnolls (D:2)
  5 adders
  2 oozes
  A dart slug (D:2)
  2 leopard geckos
  6 orcs
  2 ball pythons (D:1)
  2 giant cockroaches (D:1)
  12 goblins
  3 hobgoblins (D:1)
  4 jackals (D:4)
  8 kobolds
  A quokka (D:3)
  4 bats (D:2)
  4 frilled lizards
  A leopard gecko skeleton (D:4)
  5 rats
67 creatures vanquished.

Vanquished Creatures (collateral kills)
  An orc (D:4)
1 creature vanquished.

Grand Total: 68 creatures vanquished

Notes
Turn   | Place    | Note
-------+----------+-------------------------------------------
     0 | D:1      | esteth the Gnoll Wizard began the quest for the Orb.
     0 | D:1      | Reached XP level 1. HP: 13/13 MP: 8/8
   213 | D:1      | Reached XP level 2. HP: 19/19 MP: 2/10
   220 | D:1      | Learned a level 2 spell: Blink
   223 | D:1      | Learned a level 2 spell: Call Imp
   811 | D:2      | Reached XP level 3. HP: 25/25 MP: 7/11
   824 | D:2      | Learned a level 3 spell: Conjure Flame
   829 | D:2      | Learned a level 3 spell: Mephitic Cloud
  1213 | D:2      | Reached skill level 1 in Invocations
  1360 | D:2      | Reached skill level 1 in Fighting
  1360 | D:2      | Reached skill level 1 in Short Blades
  1360 | D:2      | Reached skill level 1 in Long Blades
  1360 | D:2      | Reached skill level 1 in Axes
  1360 | D:2      | Reached skill level 1 in Maces & Flails
  1360 | D:2      | Reached skill level 1 in Polearms
  1360 | D:2      | Reached skill level 1 in Staves
  1360 | D:2      | Reached skill level 1 in Slings
  1360 | D:2      | Reached skill level 1 in Bows
  1360 | D:2      | Reached skill level 1 in Crossbows
  1360 | D:2      | Reached skill level 1 in Throwing
  1360 | D:2      | Reached skill level 1 in Armour
  1360 | D:2      | Reached skill level 1 in Shields
  1360 | D:2      | Reached skill level 1 in Unarmed Combat
  1360 | D:2      | Reached skill level 1 in Evocations
  1360 | D:2      | Reached XP level 4. HP: 32/32 MP: 3/13
  1815 | D:2      | Reached skill level 1 in Hexes
  1815 | D:2      | Reached skill level 1 in Charms
  1815 | D:2      | Reached skill level 1 in Necromancy
  1815 | D:2      | Reached skill level 1 in Transmutations
  1815 | D:2      | Reached skill level 1 in Fire Magic
  1815 | D:2      | Reached skill level 1 in Ice Magic
  1815 | D:2      | Reached skill level 1 in Air Magic
  1815 | D:2      | Reached skill level 1 in Earth Magic
  1815 | D:2      | Reached skill level 1 in Poison Magic
  2039 | D:2      | Reached XP level 5. HP: 36/37 MP: 7/14
  2750 | D:4      | Found a staircase to the Ecumenical Temple.
  2761 | Temple   | Entered the Ecumenical Temple
  2913 | D:4      | Noticed an orc warrior
  3757 | D:4      | Mangled by an orc warrior

Skill      XL: |  1  2  3  4 |
---------------+-------------+-----
Conjurations   | 2 |  2.4
Summonings     | 2 |  2.4
Translocations | 2 |  2.4
Invocations    | 1 |  1.8
Fighting       | 1 |  1.6
Short Blades   | 1 |  1.6
Long Blades    | 1 |  1.6
Axes           | 1 |  1.6
Maces & Flails | 1 |  1.6
Polearms       | 1 |  1.6
Staves         | 1 |  1.6
Slings         | 1 |  1.6
Bows           | 1 |  1.6
Crossbows      | 1 |  1.6
Throwing       | 1 |  1.6
Armour         | 1 |  1.6
Shields        | 1 |  1.6
Unarmed Combat | 1 |  1.6
Evocations     | 1 |  1.6
Hexes          | 1 |  1.2
Charms         | 1 |  1.2
Necromancy     | 1 |  1.2
Transmutations | 1 |  1.2
Fire Magic     | 1 |  1.2
Ice Magic      | 1 |  1.2
Air Magic      | 1 |  1.2
Earth Magic    | 1 |  1.2
Poison Magic   | 1 |  1.2
Dodging        | |  4.8
Stealth        | |  4.4
Spellcasting   | |  7.3

Action                   |  1- 3 |  4- 6 || total
-------------------------+-------+-------++-------
Melee: Whip              |    15 |    47 ||    62
       Bite              |     1 |     3 ||     4
 Cast: Magic Dart        |    65 |   102 ||   167
       Mephitic Cloud    |     1 |     6 ||     7
       Conjure Flame     |     1 |     1 ||     2
       Call Imp          |       |     8 ||     8
       Blink             |       |     2 ||     2
  Use: Scroll            |     2 |     2 ||     4
  Eat: Chunk             |     1 |     4 ||     5
       Ration            |       |     1 ||     1
Armor: Ring mail         |     5 |    33 ||    38
Dodge: Dodged            |     8 |    70 ||    78
